 Dungeon Crawl Stone Soup version 0.30-a0-737-gf23d94013f (webtiles) character file.

Game seed: 8603597065882419035

822 BigDaddyOpFi the Covert (level 7, 0/72 HPs)
             Began as an Octopode Fighter on Feb 1, 2023.
             Slain by a phantom (4 damage)
             ... on level 5 of the Dungeon.
             The game lasted 00:05:33 (3653 turns).

BigDaddyOpFi the Covert (Octopode Fighter)          Turns: 3653, Time: 00:05:34

Health: 0/72       AC: 23    Str: 17    XL:     7   Next: 95%
Magic:  7/7        EV:  2    Int: 10    God:
Gold:   136        SH:  0    Dex: 12    Spells: 6/6 levels left

rFire   + . .      SeeInvis .    a - +0 war axe
rCold   . . .      Faith    .    (no shield)
rNeg    . . .      Spirit   .    (helmet currently unavailable)
rPois   +          Reflect  .    (no amulet)
rElec   .          Harm     .    m - ring of flight
rCorr   .          Rampage  .    u - ring of protection from fire
Will    .....      NoTele   +    (no ring)
Stlth   ++++                     (no ring)
HPRegen 0.32/turn                (no ring)
MPRegen 0.10/turn                (no ring)
                                 (no ring)
                                 (no ring)

@: brilliant, tree-form, attractive, hasted, very quick
A: stationary, stasis, torment immunity, boosted hp, almost no armour,
(amphibious), 8 rings, (camouflage 1), (gelatinous body 1), (nimble swimmer 1),
(tentacles)
a: no special abilities


You were on level 5 of the Dungeon.
You were a tree.
You visited 1 branch of the dungeon, and saw 5 of its levels.

You collected 136 gold pieces.

Inventory:

Hand Weapons
 a - a +0 war axe (weapon)
 f - a +4 quarterstaff of chaos
Armour
 b - a +1 buckler
Jewellery
 m - a ring of flight (left branch)
 u - a ring of protection from fire (right branch)
Scrolls
 d - 4 scrolls of teleportation
 g - a scroll of enchant armour
 h - a scroll of vulnerability {unknown}
 j - a scroll of magic mapping {unknown}
 n - a scroll of immolation {unknown}
 s - 2 scrolls of fog {unknown}
 t - a scroll of brand weapon {unknown}
Miscellaneous
 q - a piece from Xom's chessboard (15/15)


   Skills:
 + Level 4.0 Fighting
 + Level 3.3 Axes
 + Level 4.0 Dodging
 - Level 10.1 Stealth
 - Level 3.0 Shields


You had 6 spell levels left.
You didn't know any spells.
Your spell library contained the following spells:

 Spells                   Type           Power      Damage    Failure   Level
 Magic Dart               Conj           0%         1d3       36%         1
 Call Imp                 Summ           0%         N/A       50%         2
 Dazzling Flash           Conj/Hex       0%         N/A       75%         3
 Mephitic Cloud           Conj/Pois/Air  0%         N/A       75%         3
 Stone Arrow              Conj/Erth      0%         3d7       75%         3
 Summon Guardian Golem    Hex/Summ       0%         N/A       75%         3
 Iskenderun's Mystic Bla  Conj/Tloc      0%         2d3       98%         4
 Starburst                Conj/Fire      0%         6d3       100%        6
 Orb of Destruction       Conj           0%         9d5       100%        7
 Spellforged Servitor     Conj/Summ      0%         N/A       100%        7
 Lehudib's Crystal Spear  Conj/Erth      0%         10d2      100%        8
 Animate Armour           Summ/Erth      Unusable   N/A       N/A         4

Dungeon Overview and Level Annotations

Branches:
Dungeon (5/15)
 Temple: D:4-7

Altars:
Ashenzari
Kikubaaqudgha
Vehumet
Xom


Innate Abilities, Weirdness & Mutations

You are a tree.
Your roots penetrate the ground, keeping you stationary.
You cannot be teleported.
You are immune to unholy pain and torment.
Your maximum health is greatly increased.
You cannot wear most types of armour.
((You are amphibious.))
You can wear up to eight rings at the same time.
((Your skin changes colour to match your surroundings (Stealth+).))
((Your rubbery body absorbs attacks. (AC +1, EV +1)))
((You are camouflaged when in or above water. (Stealth+)))
((You have tentacles for arms and can constrict up to eight enemies at once.))


Message History

It was a potion of attraction.
You feel attractive to monsters.
The phantom hits you but does no damage.
You hit the phantom but do no damage.
The phantom hits you but does no damage.
You miss the phantom. You barely miss the phantom.
The phantom hits you but does no damage.
As you read the scroll labelled BIEDWUFAGO, it crumbles to dust.
It is a scroll of enchant armour.
Your +0 buckler glows green for a moment.
The phantom hits you but does no damage.
You closely miss the phantom.
The phantom hits you but does no damage.
You completely miss the phantom.
The phantom hits you but does no damage.
You closely miss the phantom.
The phantom hits you but does no damage.
You barely miss the phantom. You hit the phantom but do no damage.
The phantom hits you but does no damage.
You barely miss the phantom.
The phantom hits you but does no damage.
You closely miss the phantom. The phantom hits you.
* * * LOW HITPOINT WARNING * * *
The air fills with toxic fumes!
As you read the scroll labelled HYMOCAUMUG, it crumbles to dust.
It was a scroll of poison.
The phantom hits you but does no damage.
As you read the scroll labelled VADUOX MUUD, it crumbles to dust.
You cannot blink because you are held in place by your roots.
It was a scroll of blinking.
You hit the phantom.
The phantom is lightly damaged.
The phantom hits you.
* * * LOW HITPOINT WARNING * * *
You slash the phantom!
The phantom is heavily damaged.
The phantom hits you.
You die...

# ## $ ## §#
.# §§ §# #. §§
§# #. ### #§
§#. .. .#
#§#§# .#§§###
#§§W###§§§§§..
#...#.#♣§§#
..# #.
#?#§#§###.$#
...###§§.##..#
......§§§§...#
.#######§§##.#
##§§..# ####.#
#<.# #>##


You could see a phantom.

Vanquished Creatures
  Grinder (D:3)
  An ice beast (D:5)
  A phantom (D:4)
  A scorpion (D:4)
  A necrophage (D:3)
  Crazy Yiuf (D:2)
  A hound (D:4)
  2 jellies
  An iguana (D:5)
  An orc wizard (D:4)
  Robin (D:2)
  5 adders
  A shadow imp (D:4)
  2 ufetubi
  2 worms (D:2)
  2 dart slugs
  6 orcs
  5 bats
  2 endoplasms
  7 giant cockroaches
  19 goblins
  7 hobgoblins
  3 jackals (D:1)
  5 kobolds
  2 quokkas
  7 ball pythons
  5 frilled lizards
  2 rats (D:1)
  A butterfly (D:4)
95 creatures vanquished.

Vanquished Creatures (others)
  A plant (D:1)
1 creature vanquished.

Grand Total: 96 creatures vanquished

Notes
Turn   | Place    | Note
-------+----------+-------------------------------------------
     0 | D:1      | BigDaddyOpFi the Octopode Fighter began the quest for the
                  | Orb.
     0 | D:1      | Reached XP level 1. HP: 16/16 MP: 1/1
   120 | D:1      | Reached skill level 1 in Stealth
   165 | D:1      | Reached XP level 2. HP: 21/21 MP: 2/2
   190 | D:1      | Reached skill level 2 in Stealth
   322 | D:1      | Reached skill level 3 in Stealth
   544 | D:1      | Reached XP level 3. HP: 26/26 MP: 3/3
   816 | D:2      | Reached skill level 4 in Stealth
   928 | D:2      | Noticed Robin
  1454 | D:2      | Killed Robin
  1455 | D:2      | Reached skill level 5 in Stealth
  1455 | D:2      | Reached XP level 4. HP: 26/31 MP: 4/4
  1729 | D:2      | Found a runed translucent door.
  1730 | D:2      | Noticed Crazy Yiuf
  1898 | D:2      | Killed Crazy Yiuf
  1899 | D:2      | Reached skill level 6 in Stealth
  2389 | D:3      | Noticed a necrophage
  2399 | D:3      | Killed a necrophage
  2400 | D:3      | Reached skill level 7 in Stealth
  2400 | D:3      | Reached XP level 5. HP: 33/36 MP: 5/5
  2421 | D:3      | Noticed Grinder
  2617 | D:3      | Paralysed by Grinder for 4 turns
  2625 | D:3      | Killed Grinder
  2626 | D:3      | Reached skill level 9 in Stealth
  2626 | D:3      | Reached XP level 6. HP: 11/42 MP: 6/6
  2769 | D:3      | Found a radiant altar of Vehumet.
  2836 | D:3      | Found a broken altar of Ashenzari.
  3045 | D:4      | Found a shimmering altar of Xom.
  3117 | D:4      | Found an ancient bone altar of Kikubaaqudgha.
  3123 | D:4      | Reached XP level 7. HP: 46/46 MP: 7/7
  3132 | D:4      | Reached skill level 10 in Stealth
  3591 | D:5      | Entered Level 5 of the Dungeon
  3605 | D:5      | Gained mutation: You are dopey. (Int -2) [potion of
                  | mutation]
  3605 | D:5      | Lost mutation: You are dopey. (Int -2) [potion of mutation]
  3653 | D:5      | Slain by a phantom

Illustrated notes

Levels and vault maps discovered:
D:1:      giann_bridges, layout_basic
D:2:      layout_rooms, uniq_crazy_yiuf_cottage, uniq_robin
D:3:      layout_rooms, general_overflow_altar, vehumet_crystals, uniq_grinder
D:4:      layout_rooms, overflow_temple_1_default, xom_butterflies
D:5:      layout_cave_pods, minmay_temple_entry_from_below_a,
          minmay_starry_boxes

Skill      XL: |  1  2  3  4  5  6  7 |
---------------+----------------------+-----
Stealth        | 1 3 5 7 9 10 | 10.1
Axes           | 3 |  3.3
Fighting       | 4 |  4.0
Dodging        | 4 |  4.0
Shields        | |  3.0

Action                     |  1- 3 |  4- 6 |  7- 9 || total
---------------------------+-------+-------+-------++-------
  Melee: War axe           |    63 |    73 |    77 ||   213
         Constrict         |    14 |    16 |     3 ||    33
         Tentacles         |     9 |    12 |     9 ||    30
         Punch             |     1 |     1 |     1 ||     3
  Throw: Throwing net      |       |     1 |       ||     1
    Use: Potion            |     1 |     2 |     6 ||     9
         Scroll            |       |     1 |     3 ||     4
   Stab: Sleeping          |     8 |     8 |     7 ||    23
         Distracted        |     1 |       |       ||     1
 Armour: Skin              |    11 |     5 |    36 ||    52
  Dodge: Dodged            |    54 |    71 |    58 ||   183

Table legend: (Time is in decaauts)
 A = Elapsed time spent in this place.
 B = Non-inter-level travel time spent in this place.
 C = Inter-level travel time spent in this place.
 D = Time resting spent in this place.
 E = Time spent auto-exploring this place.
 F = Levels seen in this place.
 G = Mean time per level.
                   A        B        C        D        E       F      G
               +--------+--------+--------+--------+--------+-----+--------+
         Total |   3730 |   3641 |     89 |   1022 |   1924 |   5 |  746.0 |
       Dungeon |   3730 |   3641 |     89 |   1022 |   1924 |   5 |  746.0 |
               +--------+--------+--------+--------+--------+-----+--------+

Top non-repeatable levels by time:
     D:1: 1306 daAuts
     D:2: 1084 daAuts
     D:3: 705 daAuts
     D:4: 564 daAuts
     D:5: 69 daAuts
